 Dungeon Crawl Stone Soup version 0.31.0-1-g2c135a008e (webtiles) character file.

Game seed: 15599789815902138362

44 qw the Shooter (level 3, -1/29 HPs)
             Began as a Djinni Hunter on Jan 23, 2024.
             Slain by Terence
             ... wielding a +3 heavy mace
              (17 damage)
             ... on level 2 of the Dungeon.
             The game lasted 00:00:03 (995 turns).

qw the Shooter (Djinni Hunter)                       Turns: 995, Time: 00:00:04

Health: -1/29      AC:  3    Str: 10    XL:     3   Next: 87%
Gold:   71         EV: 12    Int: 10    God:
                   SH:  0    Dex: 18

rFire   + + .        a - +1 shortbow
rCold   x . .        (shield currently unavailable)
rNeg    + . .        c - +0 leather armour
rPois   inf          (no helmet)
rElec   .            (no cloak)
rCorr   .            (no gloves)
SInv    .            (boots unavailable)
Will    .....        (no amulet)
Stlth   ++           d - ring of positive energy
HPRegen 0.24/turn    (no ring)
MPRegen 0.00/turn

%: infuse magic (-2 HP)
@: flying
A: sickness immunity, fire resistance 2, cold vulnerability 1, float, innate
caster, HP casting, extra vitality 1
a: no special abilities


You were on level 2 of the Dungeon.
You visited 1 branch of the dungeon, and saw 2 of its levels.

You collected 71 gold pieces.


Innate Abilities, Weirdness & Mutations

You are immune to sickness and miasma.
You are immune to poison.
Your flesh is very heat resistant. (rF++)
You are vulnerable to cold. (rC-)
You float through the air rather than walking.
You learn spells naturally, not from books.
Your magical power is your life essence.
You have superior vitality. (+4 MHP)


   Skills:
 + Level 2.8 Fighting
 - Level 4.0 Ranged Weapons
 - Level 2.1 Dodging
 - Level 0.7 Stealth


You knew the following spells:

 Your Spells              Type           Power      Damage    Failure   Level
a - Freeze                Ice            0%         1d3       45%         1
Your spell library was empty.

Inventory:

Hand Weapons
 a - a +1 shortbow (weapon)
Armour
 c - a +0 leather armour (worn)
Jewellery
 d - a ring of positive energy (left hand)

Dungeon Overview and Level Annotations

Branches:
Dungeon (2/15)

Altars:

Annotations:
D:2 Terence


Message History

Found a stone staircase leading down.
An adder comes into view.
You shoot an arrow. The arrow hits the adder.
The adder hisses angrily.
The adder is heavily wounded.
You shoot an arrow. The arrow misses the adder.
You shoot an arrow. The arrow closely misses the adder.
The adder bites you.
You shoot an arrow. The arrow closely misses the adder.
The adder bites you but does no damage. The adder bites you.
You shoot an arrow.
The arrow hits the adder but does no damage.
The adder is heavily wounded.
The adder bites you.
You shoot an arrow. The arrow misses the adder.
The adder closely misses you. The adder bites you but does no damage.
You shoot an arrow. The arrow hits the adder!
You kill the adder!
You start resting.
HP restored.
A kobold comes into view. It is wielding a +0 whip.
The kobold shouts!
You hear a shout!
The kobold throws a stone.
The stone hits you but does no damage.
You shoot an arrow. The arrow hits the kobold!
You kill the kobold!
Terence the Incautious comes into view.
He is wielding a +3 heavy mace.
You shoot an arrow. The arrow closely misses Terence.
You shoot an arrow. The arrow hits Terence.
Terence is moderately wounded.
You shoot an arrow. The arrow hits Terence.
Terence is heavily wounded.
You shoot an arrow. The arrow closely misses Terence.
You shoot an arrow. The arrow hits Terence.
Terence is severely wounded.
Terence hits you with a +3 heavy mace!
You shoot an arrow. The arrow closely misses Terence.
Terence hits you with a +3 heavy mace!
Ouch! That really hurt!
You die...
Terence says, "That felt goooood."

#.# ### .. ..#
#.##)# .. ..#.#
#.. ...# #..
#..# #.#
#.@###.# #@.##.#
#..##.# #.....#
#.##..##
#.##...#########
#...............
#........######
#.....#..<.[#
#.....##.##.#


You could see Terence.

Vanquished Creatures
  An adder (D:2)
  A dart slug (D:1)
  A ball python (D:1)
  2 endoplasms (D:1)
  5 hobgoblins (D:1)
  3 kobolds
  5 quokkas (D:1)
  3 bats (D:1)
  2 frilled lizards (D:1)
  5 goblins (D:1)
  3 rats (D:1)
31 creatures vanquished.

Notes
Turn   | Place    | Note
-------+----------+-------------------------------------------
     0 | D:1      | qw the Djinni Hunter began the quest for the Orb.
     0 | D:1      | Reached XP level 1. HP: 18/18 MP: 0/0
     0 | D:1      | 0 ||| qw: Version: 0.3-a-134-g2ba4250
     0 | D:1      | 0 ||| qw: Game counter: 761
     0 | D:1      | 0 ||| qw: Melee chars always use a shield: true
     0 | D:1      | 0 ||| qw: God list: Okawaru
     0 | D:1      | 0 ||| qw: Allow faded altars: false
     0 | D:1      | 0 ||| qw: Do Orc after clearing Dungeon:15 true
     0 | D:1      | 0 ||| qw: Do second Lair branch before Depths: true
     0 | D:1      | 0 ||| qw: Lair rune preference: random
     0 | D:1      | 0 ||| qw: Goals: Normal
     0 | D:1      | 0 ||| PLANNING D:1-11
    89 | D:1      | Reached XP level 2. HP: 23/23 MP: 0/0
   250 | D:1      | Found a faded altar of an unknown god.
   262 | D:1      | 262 ||| UPGRADING to ring of positive energy.
   411 | D:1      | Reached XP level 3. HP: 28/28 MP: 0/0
   411 | D:1      | Learned a level 1 spell: Freeze
   424 | D:1      | Reached skill level 4 in Ranged Weapons
   940 | D:1      | 940 ||| READING scroll labelled NISEAM OCKO.
   940 | D:1      | 940 ||| IDENTIFYING scroll labelled VYIJOPR VACOES
   941 | D:1      | 941 ||| READING scroll of enchant weapon.
   941 | D:1      | 941 ||| ENCHANTING +0 shortbow.
   942 | D:1      | 942 ||| READING scroll labelled EWESOM MAOCUTT.
   943 | D:1      | 943 ||| READING scroll labelled ZEDOCIOBOO.
   944 | D:1      | 944 ||| DROPPING scroll of butterflies.
   989 | D:2      | Noticed Terence
   995 | D:2      | Slain by Terence

Levels and vault maps discovered:
D:1:      minmay_arrival_nine_rooms, layout_basic,
          shapermc_ecumenical_altar_acropolis, st_stairs_12
D:2:      layout_basic, uniq_terence

Skill      XL: |  1  2  3 |
---------------+----------+-----
Ranged Weapons | 4 |  4.0
Fighting       | |  2.8
Dodging        | |  2.1
Stealth        | |  0.7

Action                     || total
---------------------------++-------
   Fire: Shortbow          ||   102
    Use: Scroll            ||     4
 Armour: Leather armour    ||    23
  Dodge: Dodged            ||    28

Table legend:
 A = Non-vault XP
 B = Vault XP
 C = Vault XP percentage of total XP
 D = Non-vault monster count
 E = Vault monster count
 F = Vault count percentage of total count
                 A         B        C        D         E       F
            +---------+---------+-------+---------+---------+-------
      Total |      62 |       2 |   3.1 |      30 |       1 |   3.2
            +---------+---------+-------+---------+---------+-------
        D:1 |      47 |       2 |   4.1 |      28 |       1 |   3.4
        D:2 |      15 |       0 |   0.0 |       2 |       0 |   0.0
            +---------+---------+-------+---------+---------+-------
